 Dungeon Sprint DCSS version 0.30.1-11-g7821555f0a (webtiles) character file.

Game seed: 1300630676417585197

4496 Heoruswealwe the Impaler (level 10, -6/104 HPs)
             Began as a Minotaur Fighter on Oct 30, 2023.
             Was an Initiate of Gozag.
             Mangled by an 11-headed hydra (9 damage)
             ... in the Dungeon (Sprint IX: "|||||||||||||||||||||||||||||").
             The game lasted 00:04:44 (842 turns).

Heoruswealwe the Impaler (Minotaur Fighter)          Turns: 842, Time: 00:04:45

Health: -6/104     AC: 26    Str: 28    XL:     10   Next: 16%
Magic:  9/9        EV:  9    Int:  5    God:    Gozag
Gold:   1125       SH:  0    Dex: 10    Spells: 9/9 levels left

rFire   . . .        b - +2 halberd (protect)
rCold   . . .        (shield currently unavailable)
rNeg    . . .        c - +1 chain mail
rPois   .            (helmet restricted)
rElec   .            (no cloak)
rCorr   .            f - +0 pair of gloves
SInv    .            e - +0 pair of boots
Will    .....        (no amulet) Stlth
                     k - +2 ring of protection
HPRegen 0.37/turn    j - +3 ring of strength
MPRegen 0.11/turn

%: no teleportation
@: under a protective aura, slowed, very slow
A: horns 2, retaliatory headbutt
a: Renounce Religion, Potion Petition, Call Merchant, Bribe Branch


You were in the Dungeon.
You worshipped Gozag.
Gozag was most pleased with you.
You visited 1 branch You collected 1125 gold pieces.

Inventory:

Hand Weapons
 a - a +0 trident
 b - a +2 halberd of protection (weapon)
Armour
 c - a +1 chain mail (worn)
 d - a +0 buckler
 e - a +0 pair of boots (worn)
 f - a +0 pair of gloves (worn)
Jewellery
 j - a +3 ring of strength (right hand)
 k - a +2 ring of protection (left hand)
Wands
 h - a wand of roots (10)
Scrolls
 o - 4 scrolls of blinking
 p - 4 scrolls of enchant weapon
Potions
 g - 2 potions of haste
 i - 2 potions of berserk rage
 l - 5 potions of heal wounds
 m - 5 potions of curing
 n - a potion of might


   Skills:
 + Level 14.8 Fighting
 * Level 19.8 Polearms
 + Level 14.8 Armour
 - Level 3.6 Shields


You had 9 spell levels left.
You didn't know any spells.
Your spell library was empty.

Dungeon Overview and Level Annotations

Branches:
Dungeon (1/1)

Altars:
Cheibriados
Dithmenos
Elyvilon
Fedhas
Gozag
Hepliaklqana
Kikubaaqudgha
Makhleb
Nemelex Xobeh
Okawaru
Qazlal
Ru
Sif Muna
Trog
Uskayaw
Vehumet
Wu Jian
Xom
Yredelemnul
Zin
The Shining One
Jiyva
Lugonu


Innate Abilities, Weirdness & Mutations

You have a pair of horns on your head.
You reflexively headbutt those who attack you in melee.


Message History

You lop one of the eight-headed hydra's heads off!
The seven-headed hydra grows two more!
You slash the nine-headed hydra! You headbutt the nine-headed hydra!
The nine-headed hydra is heavily wounded.
The nine-headed hydra is distracted by your dazzling golden aura.
The nine-headed hydra roars!
You chop one of the nine-headed hydra's heads off!
The eight-headed hydra grows two more!
You slash the ten-headed hydra!
The ten-headed hydra is no longer distracted by gold.
The ten-headed hydra is moderately wounded.
The ten-headed hydra bites you but does no damage. x3
The ten-headed hydra misses you. The ten-headed hydra bites you.
* * * LOW HITPOINT WARNING * * *
The ten-headed hydra bites you but does no damage.
The ten-headed hydra bites you.
* * * LOW HITPOINT WARNING * * *
The ten-headed hydra barely misses you.
The ten-headed hydra bites you but does no damage. x2
You hit the ten-headed hydra.
The ten-headed hydra is moderately wounded.
The black mamba is no longer distracted by gold.
The ten-headed hydra is distracted by your dazzling golden aura.
The ten-headed hydra roars!
You chop one of the ten-headed hydra's heads off!
The nine-headed hydra grows two more!
You perforate the 11-headed hydra like a sieve!!!
The 11-headed hydra is no longer distracted by gold.
The 11-headed hydra is severely wounded.
The 11-headed hydra bites you but does no damage.
The 11-headed hydra bites you!
* * * LOW HITPOINT WARNING * * *
The 11-headed hydra bites you.
* * * LOW HITPOINT WARNING * * *
The 11-headed hydra bites you!
* * * LOW HITPOINT WARNING * * *
The 11-headed hydra bites you but does no damage.
The 11-headed hydra completely misses you.
The 11-headed hydra bites you!
You die...
Your body crumbles into a pile of gold.

$
▓.▓.▓'▓
$
▓.▓.▓_▓
$
▓.▓.▓_▓
$
▓.▓.▓_▓
$
▓?▓.▓_▓
$
▓$▓.▓_▓
$
▓$▓.▓_▓
$
▓$▓.▓_▓
$
▓@▓.▓_▓
$
▓D▓.▓_▓
$
▓S▓.▓_▓
▓w▓.▓_▓
$
▓.▓.▓_▓
$
▓.▓.▓_▓
$
▓.▓.▓_▓
$
▓+▓.▓_▓
$ ▓.▓_▓


You could see a 11-headed hydra, a torpor snail and a black mamba.

Vanquished Creatures
  A hydra (D)
  A two-headed ogre (D)
  A deep elf pyromancer (D)
  An ugly thing (D)
  A manticore (D)
  A cane toad (D)
  An unseen horror (D)
  A troll (D)
  2 wraiths (D)
  3 yaks (D)
  A steam dragon (D)
  A vampire mosquito (D)
  An ice beast (D)
  A wolf (D)
  A kobold brigand (D)
  A scorpion (D)
  A killer bee (D)
  A jelly (D)
  An adder (D)
  An orc (D)
  A bat (D)
  A ball python (D)
  A kobold (D)
  2 rats (D)
28 creatures vanquished.

Notes
Turn   | Place    | Note
-------+----------+-------------------------------------------
     0 | D        | Heoruswealwe the Minotaur Fighter began the quest for the
                  | Orb.
     0 | D        | Reached XP level 1. HP: 19/19 MP: 0/0
     5 | D        | Reached skill level 3 in Polearms
    18 | D        | Noticed a jelly
    18 | D        | Noticed a scorpion
    18 | D        | Noticed an ice beast
    30 | D        | Reached skill level 4 in Polearms
    30 | D        | Reached XP level 2. HP: 28/28 MP: 1/1
    32 | D        | Reached skill level 5 in Fighting
    32 | D        | Reached skill level 6 in Polearms
    32 | D        | Reached skill level 5 in Armour
    32 | D        | Reached XP level 3. HP: 31/36 MP: 2/2
    36 | D        | Killed a scorpion
    37 | D        | Reached skill level 8 in Polearms
    37 | D        | Reached XP level 4. HP: 34/45 MP: 3/3
    45 | D        | Killed an ice beast
    46 | D        | Reached skill level 9 in Polearms
    46 | D        | Reached XP level 5. HP: 12/53 MP: 4/4
    52 | D        | Found a snail-covered altar of Cheibriados.
    52 | D        | Found a shadowy altar of Dithmenos.
    52 | D        | Found a white marble altar of Elyvilon.
    52 | D        | Found a blossoming altar of Fedhas.
    52 | D        | Found an opulent altar of Gozag.
    53 | D        | Found a hazy altar of Hepliaklqana.
    54 | D        | Found a viscous altar of Jiyva.
    55 | D        | Found an ancient bone altar of Kikubaaqudgha.
    56 | D        | Found a corrupted altar of Lugonu.
    57 | D        | Found a burning altar of Makhleb.
    58 | D        | Found a sparkling altar of Nemelex Xobeh.
    59 | D        | Found an iron altar of Okawaru.
    60 | D        | Became a worshipper of Gozag Ym Sagoz the Greedy
    61 | D        | Found a stormy altar of Qazlal.
    62 | D        | Found a sacrificial altar of Ru.
    63 | D        | Found a shimmering blue altar of Sif Muna.
    64 | D        | Found a bloodstained altar of Trog.
    65 | D        | Found a hide-covered altar of Uskayaw.
    66 | D        | Found a radiant altar of Vehumet.
    67 | D        | Found an ornate altar of the Wu Jian Council.
    68 | D        | Found a shimmering altar of Xom.
    69 | D        | Found a basalt altar of Yredelemnul.
    70 | D        | Found a glowing silver altar of Zin.
    71 | D        | Found a glowing golden altar of the Shining One.
   193 | D        | Noticed a wraith
   193 | D        | Noticed a steam dragon
   193 | D        | Noticed a troll
   205 | D        | Reached skill level 10 in Polearms
   205 | D        | Reached XP level 6. HP: 54/62 MP: 5/5
   206 | D        | Killed a wraith
   207 | D        | Reached skill level 12 in Polearms
   209 | D        | Killed a steam dragon
   210 | D        | Reached XP level 7. HP: 36/71 MP: 6/6
   212 | D        | Reached skill level 10 in Fighting
   212 | D        | Reached skill level 13 in Polearms
   212 | D        | Reached skill level 10 in Armour
   221 | D        | Killed a troll
   222 | D        | Reached skill level 14 in Polearms
   235 | D        | Killed an unseen horror
   236 | D        | Reached XP level 8. HP: 25/82 MP: 7/7
   409 | D        | Noticed a manticore
   409 | D        | Noticed a two-headed ogre
   409 | D        | Noticed a white ugly thing
   409 | D        | Noticed a deep elf pyromancer
   418 | D        | Killed a manticore
   419 | D        | Reached skill level 15 in Polearms
   423 | D        | Killed a two-headed ogre
   424 | D        | Reached skill level 17 in Polearms
   424 | D        | Reached XP level 9. HP: 21/92 MP: 8/8
   425 | D        | HP: 4/92 [white ugly thing (13)]
   431 | D        | Killed a white ugly thing
   448 | D        | Reached skill level 18 in Polearms
   450 | D        | HP: 2/93 [deep elf pyromancer/bolt of fire (7)]
   451 | D        | Killed a deep elf pyromancer
   814 | D        | Noticed a cane toad
   814 | D        | Noticed a black mamba
   817 | D        | Noticed a seven-headed hydra
   818 | D        | Killed a cane toad
   819 | D        | Noticed a seven-headed hydra
   825 | D        | Reached skill level 19 in Polearms
   827 | D        | Noticed a torpor snail
   830 | D        | Reached XP level 10. HP: 95/104 MP: 9/9
   835 | D        | Killed an 11-headed hydra
   842 | D        | HP: 3/104 [11-headed hydra (7)]
   842 | D        | Mangled by an 11-headed hydra

Illustrated notes

Levels and vault maps discovered:
D:        linesprint [early_d, line_temple, items_1, d_10, items_2, lair_1,
          lair_end, items_3, orc_1, orc_end, items_4, d_15, swamp_1, shoals_1,
          snake_1, spider_1, d_20, vaults_1, items_5, swamp_end, shoals_end,
          snake_end, spider_end, vaults_end, d_27, items_6, zot_1, zot_end,
          crypt_end, forest_end, elf_end, slime_end, tomb_end, abyss_end,
          pan_hell_end]

Skill      XL: |  1  2  3  4  5  6  7  8  9 |
---------------+----------------------------+-----
Polearms       | 4 6 8 9 10 12 14 17 19 | 19.8
Fighting       | 4 5 6 7 8 9 11 12 14 | 14.8
Armour         | 4 5 6 7 8 9 11 12 14 | 14.8
Shields        | |  3.6

Action                     |  1- 3 |  4- 6 |  7- 9 | 10-12 || total
---------------------------+-------+-------+-------+-------++-------
  Melee: Trident           |    22 |     9 |       |       ||    31
         Headbutt          |     2 |     5 |    16 |     5 ||    28
         Halberd           |       |    16 |    75 |    11 ||   102
    Use: Potion            |     1 |       |       |       ||     1
 Armour: Scale mail        |     7 |       |       |       ||     7
         Chain mail        |       |    10 |    58 |    43 ||   111
  Dodge: Dodged            |     9 |     5 |    19 |    20 ||    53
  Block: Buckler           |     5 |     1 |       |       ||     6
